AoeStats
← TigerGecko

QS Arena

503715476Analyzed
4v4 RM · 1mo ago on Sep 1, 2026· 47m 53s· 8 players
Game mode
Random Map
Map size
Large (8 player)
Population
200
Speed
Normal
Resources
Standard
Victory
Conquest
Starting age
Dark Age
Ending age
Imperial Age
RankedLock teamsTeams togetherTeam positionsShared explorationLock speedFull tech treeHidden civsTurbo modeCheats
Victory
Defeat
🇨🇱 Cumans · Chile
1442
+14
🇦🇷 Chinese · Argentina
1434
+15
🇩🇪 Armenians · Germany
1381
+17
🇪🇸 Italians · Spain
1373
+17
🇧🇷 Celts · Brazil
1548
-22
🇧🇷 Mapuche · Brazil
1404
-16
🇧🇷 Bohemians · Brazil
1374
-14
🇧🇷 Magyars · Brazil
1283
-11
AeroSpeed
9:19 Feudal Age
10:50 Double-Bit Axe
13:16 Castle Age
11:57 Horse Collar
19:16 Forging
22:29 Iron Casting
26:09 Loom
28:09 Wheelbarrow
30:01 Hand Cart
31:52 Fletching
32:04 Padded Archer Armor
33:47 Bodkin Arrow
34:08 Leather Archer Armor
40:58 Imperial Age
39:54 Malon
45:11 Ring Archer Armor
45:42 Blast Furnace
44:42 Gold Mining
45:03 Bow Saw
44:53 Heavy Plow
47:46 Ballistics
48:27 Chemistry
O grande
10:02 Feudal Age
14:03 Castle Age
11:54 Horse Collar
12:02 Double-Bit Axe
12:36 Gold Mining
13:06 Scale Mail Armor
14:57 Bow Saw
14:38 Pikeman
17:36 Chain Mail Armor
20:11 Forging
22:55 Heavy Plow
23:31 Wheelbarrow
22:42 Loom
22:42 Town Watch
26:46 Hand Cart
27:11 Gold Shaft Mining
31:07 Imperial Age
28:20 Man-at-Arms
30:30 Iron Casting
29:16 Long Swordsman
31:23 Stone Mining
32:58 Chemistry
32:24 Ballistics
32:19 Heavy Scorpion
33:49 Siege Engineers
34:28 Plate Mail Armor
35:03 Blast Furnace
34:49 Gambesons
34:50 Arson
34:25 Two-Handed Swordsman
35:51 Treadmill Crane
36:21 Masonry
36:25 Champion
40:09 Conscription
43:28 Murder Holes
45:51 Conscription
45:30 Fletching
46:28 Conscription
47:51 Conscription
Mokkey
8:52 Feudal Age
13:44 Castle Age
11:42 Horse Collar
11:49 Double-Bit Axe
14:28 Heavy Plow
14:40 Bow Saw
20:56 Town Watch
22:13 Scale Barding Armor
24:36 Wheelbarrow
23:47 Loom
24:03 Town Patrol
24:27 Chain Barding Armor
24:11 Husbandry
25:14 Bloodlines
26:42 Hand Cart
26:15 Pikeman
27:05 Scale Mail Armor
29:11 Chain Mail Armor
31:01 Fletching
31:11 Padded Archer Armor
31:35 Ballistics
33:55 Imperial Age
31:10 Elite Skirmisher
31:57 Thumb Ring
31:58 Bodkin Arrow
33:15 Leather Archer Armor
34:27 Gold Mining
34:34 Halberdier
36:02 Ring Archer Armor
36:18 Bracer
37:21 Chemistry
39:53 Conscription
AXEL2904
7:46 Feudal Age
9:00 Loom
12:01 Castle Age
10:23 Double-Bit Axe
15:12 Town Watch
17:45 Horse Collar
19:11 Heavy Plow
20:28 Bow Saw
24:09 Wheelbarrow
25:59 Hand Cart
29:13 Imperial Age
28:29 Chemistry
27:12 Pikeman
27:53 Squires
30:59 Two-Man Saw
30:14 Fervor
30:33 Crossbowman
31:06 Fletching
31:17 Padded Archer Armor
32:06 Conscription
33:22 Bodkin Arrow
33:42 Leather Archer Armor
33:07 Elite Skirmisher
34:13 Bracer
35:10 Ballistics
35:47 Squires
36:13 Forging
36:03 Scale Mail Armor
36:10 Halberdier
36:51 Scale Mail Armor
VaultBoy
0:26 Loom
8:25 Feudal Age
12:20 Castle Age
10:17 Double-Bit Axe
10:33 Horse Collar
19:06 Fletching
20:50 Bodkin Arrow
23:52 Bow Saw
28:17 Imperial Age
26:53 Wheelbarrow
26:36 Padded Archer Armor
26:34 Gold Mining
27:13 Ballistics
29:59 Chemistry
29:06 Bracer
31:04 Leather Archer Armor
31:33 Fortified Wall
32:15 Conscription
35:10 Scale Barding Armor
35:16 Forging
34:39 Elite Genoese Crossbowman
35:20 Cavalier
36:40 Bloodlines
36:30 Husbandry
35:51 Light Cavalry
37:29 Hussar
41:05 Chain Barding Armor
41:21 Iron Casting
46:57 Blast Furnace
48:21 Hand Cart
TigerGecko
8:18 Feudal Age
11:58 Castle Age
9:40 Horse Collar
10:24 Double-Bit Axe
11:15 Gold Mining
13:34 Bow Saw
15:47 Fervor
15:57 Sanctity
18:41 Heavy Plow
19:45 Scale Mail Armor
19:56 Forging
20:47 Wheelbarrow
19:57 Loom
21:03 Chain Mail Armor
22:11 Iron Casting
21:09 Pikeman
22:14 Squires
22:17 Halberdier
23:54 Hand Cart
23:25 Town Watch
25:22 Fletching
25:36 Man-at-Arms
26:01 Gambesons
26:03 Arson
31:19 Imperial Age
29:16 Bodkin Arrow
29:13 Long Swordsman
30:09 Two-Handed Swordsman
30:55 Champion
32:23 Gold Shaft Mining
31:39 Stone Mining
31:34 Capped Ram
32:22 Fereters
32:37 Conscription
34:23 Plate Mail Armor
34:53 Blast Furnace
34:35 Coinage
33:55 Onager
35:12 Siege Ram
40:40 Ballistics
41:20 Chemistry
40:31 Masonry
43:12 Banking
42:54 Guilds
42:56 Murder Holes
ZoonFAunlimónki
0:29 Loom
6:56 Feudal Age
14:01 Castle Age
11:53 Double-Bit Axe
12:30 Gold Mining
13:26 Stone Mining
13:18 Horse Collar
15:07 Bow Saw
15:38 Wheelbarrow
14:49 Town Watch
22:04 Hand Cart
41:42 Padded Archer Armor
42:13 Fletching
44:56 Gold Shaft Mining
45:26 Bodkin Arrow
48:46 Imperial Age
46:34 Thumb Ring
46:46 Leather Archer Armor
46:43 Masonry
46:44 Fortified Wall
Thanos 2022
6:23 Feudal Age
7:09 Double-Bit Axe
7:06 Horse Collar
17:59 Castle Age
17:03 Wheelbarrow
17:08 Gold Mining
17:28 Forging
18:07 Scale Barding Armor
18:13 Bloodlines
19:27 Chain Barding Armor
19:57 Bow Saw
20:02 Heavy Plow
26:49 Iron Casting
26:29 Hand Cart
29:44 Imperial Age
27:21 Loom
30:05 Cavalier
31:47 Blast Furnace
31:54 Plate Barding Armor
31:45 Paladin
32:29 Stone Mining
33:14 Gold Shaft Mining
33:15 Crop Rotation
33:01 Caravan
33:23 Ballistics
34:03 Chemistry
33:05 Padded Archer Armor
33:17 Elite Skirmisher
34:03 Thumb Ring
34:50 Fletching
35:16 Leather Archer Armor
36:33 Light Cavalry
38:30 Coinage
39:45 Ring Archer Armor
39:11 Bodkin Arrow
40:36 Conscription
40:20 Steppe Husbandry
40:16 Man-at-Arms
40:17 Pikeman
40:57 Squires
40:42 Arson
41:01 Scale Mail Armor
42:44 Banking
47:08 Chain Mail Armor
46:44 Hussar
Connection lost

Rejoining the realm…

Still unreachable

The connection could not be restored.

Session expired

The server has moved on; the page needs a fresh start.